 Dungeon Crawl Stone Soup version 0.30-a0-743-gbfdf073431 (webtiles) character file.

Game seed: 14018398455170566630

43391 Monkooky the Slicer (level 13, -13/90 HPs)
             Began as a Demonspawn Wanderer on Feb 5, 2023.
             Was a Believer of Uskayaw.
             Mangled by a death yak (58 damage)
             ... on level 5 of the Lair of Beasts.
             The game lasted 00:55:32 (17932 turns).

Monkooky the Slicer (Demonspawn Wanderer)          Turns: 17932, Time: 00:55:33

Health: -13/90     AC:  9    Str: 16    XL:     13   Next: 90%
Magic:  4/24       EV:  2    Int: 18    God:    Uskayaw [**....]
Gold:   1312       SH:  0    Dex: 15    Spells: 3/26 levels left

rFire   . . .      SeeInvis .    t - +5 dagger (venom)
rCold   . . .      Faith    .    F - +0 buckler
rNeg    . . .      Spirit   .    U - +0 acid dragon scales
rPois   +          Reflect  .    V - +2 hat of the Worm {rElec rPois Int+5}
rElec   +          Harm     .    I - +0 cloak
rCorr   +          Rampage  .    (no gloves)
Will    .....                    (no boots)
Stlth   ++                       T - amulet of regeneration
HPRegen 1.15/turn                R - +5 ring of evasion
MPRegen 0.19/turn                Q - +4 ring of slaying

@: sleeping, very slightly contaminated
A: hooves 2, condensation shield, demonic magic 2, demonic touch 2
a: Renounce Religion, Stomp, Line Pass


You were on level 5 of the Lair of Beasts.
You worshipped Uskayaw.
Uskayaw was noncommittal.
You visited 2 branches of the dungeon, and saw 18 of its levels.
You also visited: Sewer and Gauntlet.

You collected 1450 gold pieces.
You spent 138 gold pieces at shops.

Inventory:

Hand Weapons
 m - a +0 short sword of distortion
 t - a +5 dagger of venom (weapon)
Missiles
 j - 7 curare-tipped darts
 z - 9 atropa-tipped darts
 M - a throwing net
 W - 4 silver javelins
Armour
 F - a +0 buckler (worn)
 I - a +0 cloak (worn)
 U - +0 acid dragon scales (worn)
 V - the +2 hat of the Worm (worn) {rElec rPois Int+5}
   (You found it in a Gauntlet)

   Int:       It affects your intelligence (+5).
   rElec:     It insulates you from electricity.
   rPois:     It protects you from poison.
Jewellery
 E - a ring of protection from fire
 O - a ring of see invisible
 Q - a +4 ring of slaying (right hand)
 R - a +5 ring of evasion (left hand)
 S - a ring of magical power
 T - an amulet of regeneration (around neck)
Wands
 u - a wand of mindburst (5)
 y - a wand of paralysis (16)
 C - a wand of polymorph (5)
 D - a wand of flame (26)
 J - a wand of quicksilver (7)
 L - a wand of iceblast (15)
 P - a wand of digging (5)
Scrolls
 c - 3 scrolls of fog
 d - a scroll of fear {unknown}
 e - 4 scrolls of teleportation
 f - 4 scrolls of magic mapping
 g - 8 scrolls of blinking
 k - a scroll of vulnerability
 l - 2 scrolls of poison
 n - 4 scrolls of immolation
 o - 2 scrolls of summoning
 G - 3 scrolls of brand weapon
 Z - 2 scrolls of enchant armour
Potions
 a - 2 potions of brilliance
 b - 3 potions of haste
 h - 2 potions of resistance
 i - 3 potions of berserk rage
 p - 4 potions of curing
 q - 3 potions of magic
 r - 4 potions of heal wounds
 s - a potion of invisibility
 v - 3 potions of flight {unknown}
 x - 4 potions of attraction {unknown}
 A - 5 potions of mutation
 B - 2 potions of might
 N - a potion of cancellation
 Y - 2 potions of ambrosia {unknown}
Miscellaneous
 w - a tin of tremorstones (2/2)
 H - a condenser vane (inert)
 K - a box of beasts
 X - a phial of floods


   Skills:
 - Level 4.9 Fighting
 - Level 10.0 Short Blades
 - Level 1.4 Maces & Flails
 - Level 1.0 Throwing
 - Level 1.7 Armour
 - Level 6.0 Dodging
 - Level 4.0 Stealth
 - Level 4.0 Unarmed Combat
 + Level 7.3 Spellcasting
 * Level 8.8 Conjurations
 - Level 6.0 Hexes
 - Level 9.4 Necromancy
 - Level 5.4 Translocations
 + Level 7.0 Air Magic
 - Level 5.4 Invocations
 - Level 5.2 Evocations


You had 3 spell levels left.
You knew the following spells:

 Your Spells              Type           Power      Damage    Failure   Level
a - Confusing Touch       Hex            28%        N/A       4%          3
b - Vampiric Draining     Necr           40%        2d8       1%          3
c - Dispel Undead         Necr           40%        3d16      4%          4
d - Vhi's Electric Charg  Tloc/Air       58%        N/A       4%          3
e - Arcjolt               Conj/Air       17%        1d27      22%         5
f - Freezing Cloud        Conj/Ice/Air   12%        6-21      54%         5

Your spell library contained the following spells:

 Spells                   Type           Power      Damage    Failure   Level
 Kiss of Death            Conj/Necr      100%       2d13      1%          1
 Slow                     Hex            100%       N/A       1%          1
 Kindle Blastsparks       Fire/Tloc/Air  42%        2d13      11%         3
 Ignite Poison            Fire/Tmut/Pois 6%         N/A       52%         3
 Metabolic Englaciation   Hex/Ice        8%         N/A       85%         5
 Petrify                  Tmut/Erth      6%         N/A       89%         4
 Statue Form              Tmut/Erth      4%         N/A       100%        6
 Maxwell's Capacitive Co  Air            16%        ∞         100%        8


Dungeon Overview and Level Annotations

Branches:
Dungeon (13/15)            Temple (0/1) D:5            Lair (5/5) D:11
  Swamp (0/4) Lair:2        Snake (0/4) Lair:3        Slime (0/5) Lair:4
    Orc (0/2) D:11         Vaults (0/5) D:13          Sewer (visited)
Gauntlet (visited)

Altars:
Cheibriados
Gozag
Uskayaw
Vehumet
Wu Jian
Xom
Jiyva

Shops:
D:4 :   D:8 *

Annotations:
D:5 1 runed translucent door, AverageBear's ghost, amateur DsFi
D:8 2 transporters, exclusion: ice statue, bronco's ghost, novice HuFi
D:10 3 runed translucent doors, jasper's ghost, journeyman DsCA
Lair:3 1 runed translucent door, cheesebisquit's ghost, journeyman GrEE


Innate Abilities, Weirdness & Mutations

You have hoof-like feet.
A meltable shield of frost defends you. (SH +4)
Spells you cast may paralyse nearby enemies.
Your touch may inflict irresistible damage on your foes.


Message History

Malevolent energies surge around you.
You hear a bleat!
The death yak gores you!! The death yak closely misses you.
Casting: Arcjolt (dangerous; 22% risk of failure)
Confirm with . or Enter, or press ? or * to list all spells.
You miscast Arcjolt.
You are very lightly contaminated with residual magic.
Nothing appears to happen.
A dream sheep comes into view.
The death yak gores you!! x2
* * * LOW HITPOINT WARNING * * *
The boulder beetle leaps!
Casting: Arcjolt (dangerous; 22% risk of failure)
Confirm with . or Enter, or press ? or * to list all spells.
Electricity surges outward!
The death yak is almost dead.
The death yak is heavily wounded.
The boulder beetle is heavily wounded.
Malevolent energies surge around you.
The boulder beetle suddenly stops moving!
You hear a bleat!
The death yak barely misses you. You block the death yak's attack.
Okay, then.
You feel much better.
The boulder beetle is no longer paralysed.
The death yak gores you but does no damage.
The death yak misses you.
Charge where?
Press: ? - help, Q - select action, (/) - cycle Dir - move target, f/p - boulder beetle
Aim: a boulder beetle (heavily wounded, very poisoned, slow, 97% to hit)
Okay, then.
Okay, then.
Clouds of flame condense around you!
The condenser dries out!
The dream sheep is engulfed in blazing flames.
The dream sheep shakes its wool and sparkles.
You feel drowsy...
You fall asleep.
A dream sheep comes into view.
The death yak is engulfed in blazing flames.
The death yak gores you!!!
Ouch! That really hurt!
You die...

.........PP................#
........PP....†..P...#...###
....###.........##........
P...##.#........##....P...
##.#####...P#..##.)...#...
## #....P.##..........
###P....§§§.#.....
#....§#§Y§#......
....§§Y@§##.#....
....§B§§...<.....
..#.§#§..........
###.........# ##.....§§##
......§Y§. .......§§§.
.#...#....Y .#.......##.


You could see 2 death yaks, a boulder beetle (poisoned, slow) and 2 dream sheep.

Vanquished Creatures
  Gastronok (Lair:1)
  A quicksilver ooze (Gauntlet)
  A minotaur (Gauntlet)
  A hydra (Lair:5)
  A two-headed ogre (D:11)
  A boulder beetle (D:11)
  A tengu warrior (D:11)
  3 death yaks
  Sonja (D:13)
  Nergalle (Lair:1)
  Amaemon (Lair:1)
  An orb spider (shapeshifter) (Gauntlet)
  A death drake (shapeshifter) (Gauntlet)
  2 bog bodies (Lair:2)
  A lindwurm (Lair:4)
  3 deep elf pyromancers (D:12)
  2 cyclopes
  An oklob plant (Gauntlet)
  3 manticores
  A moth of wrath (shapeshifter) (Gauntlet)
  7 black mambas
  Maurice (D:9)
  An orange demon (Lair:1)
  A torpor snail (Lair:5)
  Maggie (D:6)
  2 gargoyles (D:12)
  A minotaur zombie (Gauntlet)
  13 cane toads
  A rime drake (Lair:2)
  5 komodo dragons
  A kobold demonologist (D:13)
  An efreet (D:13)
  3 polar bears
  A wind drake (shapeshifter) (D:13)
  4 trolls
  A hornet (D:8)
  3 blink frogs (Lair:1)
  5 slime creatures (D:12)
  7 dream sheep (Lair:4)
  A wraith (D:10)
  3 wyverns (D:11)
  A shadow (D:11)
  28 yaks
  Grum (D:8)
  3 vampires
  2 basilisks
  6 vampire mosquitoes (D:12)
  Edmund (D:5)
  Menkaure (D:4)
  2 acid dragons (Gauntlet)
  19 water moccasins
  4 orc warriors
  A swamp drake (D:11)
  3 black bears (D:5)
  An ogre (D:11)
  3 centaurs
  14 wolves
  3 kobold brigands
  Blork the orc (D:6)
  A phantom (D:7)
  8 bullfrogs
  A scorpion (D:6)
  2 gnoll sergeants
  7 wights
  9 killer bees
  5 howler monkeys
  5 hounds
  7 jellies
  3 orc priests
  3 iguanas (D:5)
  Ijyb (D:5)
  4 hell rats
  14 orc wizards
  Robin (D:3)
  9 gnolls
  6 adders
  3 river rats (Sewer)
  A shadow imp (D:7)
  3 worms
  3 dart slugs
  34 orcs
  9 ball pythons
  5 bats
  7 endoplasms
  8 giant cockroaches
  10 goblins
  6 hobgoblins
  4 jackals (D:3)
  23 kobolds
  2 quokkas (D:1)
  9 frilled lizards
  6 rats
  A toadstool (D:2)
405 creatures vanquished.

Vanquished Creatures (others)
  A bush (D:11)
  18 fungi
  23 plants
  3 toadstools (D:2)
45 creatures vanquished.

Grand Total: 450 creatures vanquished

Notes
Turn   | Place    | Note
-------+----------+-------------------------------------------
     0 | D:1      | Monkooky the Demonspawn Wanderer began the quest for the
                  | Orb.
     0 | D:1      | Monkooky set off with the following items: a +0 dagger, a
                  | potion of haste, a scroll of fog, a +0 helmet, a potion of
                  | berserk rage, a +0 robe, a scroll of blinking.
     0 | D:1      | Reached XP level 1. HP: 16/16 MP: 1/1
   173 | D:1      | Discovered your monstrous ancestry.
   173 | D:1      | Gained mutation: Your touch may inflict minor irresistible
                  | damage on your foes. [demonic ancestry]
   173 | D:1      | Reached XP level 2. HP: 16/22 MP: 2/2
  1008 | D:2      | Gained mutation: Your touch may inflict irresistible damage
                  | on your foes. [demonic ancestry]
  1008 | D:2      | Reached XP level 3. HP: 18/27 MP: 3/3
  1206 | D:2      | Found a faded altar of an unknown god.
  1248 | D:2      | Prayed at the altar of an unknown god.
  1248 | D:2      | Became a worshipper of Uskayaw the Reveller
  1248 | D:2      | Reached * piety under Uskayaw
  1725 | D:3      | Found a glowing drain.
  1734 | D:3      | Reached skill level 1 in Invocations
  1747 | Sewer    | Entered a sewer
  1842 | Sewer    | Gained mutation: You have large cloven feet. [demonic
                  | ancestry]
  1842 | Sewer    | Reached XP level 4. HP: 8/33 MP: 1/6
  2074 | Sewer    | Reached ** piety under Uskayaw
  2076 | Sewer    | Reached skill level 1 in Maces & Flails
  2174 | Sewer    | Reached XP level 5. HP: 30/38 MP: 6/8
  2302 | Sewer    | Found a viscous altar of Jiyva.
  2363 | D:3      | Noticed Robin
  2369 | D:3      | Reached skill level 5 in Invocations
  2483 | D:3      | Killed Robin
  2819 | D:3      | Learned a level 3 spell: Confusing Touch
  2994 | D:4      | Reached skill level 1 in Short Blades
  2994 | D:4      | Gained mutation: Spells you cast may paralyse adjacent
                  | enemies. [demonic ancestry]
  2994 | D:4      | Reached XP level 6. HP: 44/44 MP: 10/10
  3015 | D:4      | Found Tuobeom's Vocational Training.
  3079 | D:4      | Reached skill level 2 in Short Blades
  3282 | D:4      | Noticed Menkaure
  3287 | D:4      | Killed Menkaure
  3288 | D:4      | Reached skill level 3 in Short Blades
  3601 | D:4      | Found a shimmering altar of Xom.
  3759 | D:5      | Entered Level 5 of the Dungeon
  3766 | D:5      | Reached skill level 4 in Short Blades
  3766 | D:5      | Gained mutation: Spells you cast may paralyse nearby
                  | enemies. [demonic ancestry]
  3766 | D:5      | Reached XP level 7. HP: 38/50 MP: 11/11
  3816 | D:5      | Reached skill level 1 in Hexes
  4004 | D:5      | Reached *** piety under Uskayaw
  4008 | D:5      | Found a staircase to the Ecumenical Temple.
  4019 | D:5      | Found a runed translucent door.
  4022 | D:5      | Noticed AverageBear's ghost (amateur DsFi)
  4042 | D:5      | Noticed Ijyb
  4045 | D:5      | Killed Ijyb
  4153 | D:5      | Noticed Edmund
  4165 | D:5      | Killed Edmund
  4166 | D:5      | Reached skill level 5 in Hexes
  4249 | D:5      | Gained mutation: You have hoof-like feet. [demonic
                  | ancestry]
  4249 | D:5      | Reached XP level 8. HP: 39/56 MP: 6/12
  4591 | D:5      | Reached **** piety under Uskayaw
  4758 | D:6      | Noticed Maggie
  4876 | D:6      | Killed Maggie
  4886 | D:6      | Noticed Blork the orc
  4943 | D:6      | Killed Blork the orc
  4944 | D:6      | Reached XP level 9. HP: 57/65 MP: 11/15
  4953 | D:5      | Learned a level 3 spell: Vampiric Draining
  4987 | D:6      | Reached skill level 1 in Necromancy
  5426 | D:6      | Reached skill level 5 in Necromancy
  6315 | D:7      | Identified the +1 spear "Umaow" {flame, rCorr Dex+4}
  6372 | D:7      | Found a snail-covered altar of Cheibriados.
  6549 | D:8      | Found Sonkor's Assorted Antiques.
  6555 | D:8      | Bought a scroll labelled AGGAVO YDOTESM for 23 gold pieces
  6555 | D:8      | Bought a scroll labelled CEINOA ISTRIOM for 23 gold pieces
  6555 | D:8      | Bought a crooked bronze wand for 92 gold pieces
  6653 | D:8      | Reached skill level 1 in Evocations
  7124 | D:8      | Found a transporter.
  7129 | D:8      | Noticed a tengu warrior
  7130 | D:8      | Noticed a centaur warrior
  7146 | D:8      | Noticed Grum
  7164 | D:8      | Killed Grum
  7165 | D:8      | Reached skill level 5 in Evocations
  7165 | D:8      | Reached XP level 10. HP: 26/71 MP: 7/16
  7318 | D:8      | Noticed bronco's ghost (novice HuFi)
  7529 | D:8      | Noticed an ice statue
  7537 | D:8      | Found a transporter.
  7567 | D:8      | Found an ornate altar of the Wu Jian Council.
  8228 | D:9      | Noticed Maurice
  8232 | D:9      | Killed Maurice
  8640 | D:9      | Found a radiant altar of Vehumet.
  8691 | D:9      | Reached skill level 5 in Short Blades
  9012 | D:10     | Entered Level 10 of the Dungeon
  9028 | D:10     | Learned a level 4 spell: Dispel Undead
  9459 | D:10     | Found a runed translucent gate.
  9460 | D:10     | Found a runed translucent gate.
  9460 | D:10     | Noticed jasper's ghost (journeyman DsCA)
  9461 | D:10     | Found a runed translucent gate.
  9462 | D:10     | Identified the +0 chain mail of Curiosity {rN+ Dex-4
                  | Slay+3}
  9620 | D:10     | Reached ***** piety under Uskayaw
  9621 | D:10     | Reached skill level 5 in Spellcasting
  9787 | D:11     | Noticed a boulder beetle
  9796 | D:11     | Killed a boulder beetle
  9905 | D:11     | Noticed a cyclops
 10030 | D:11     | Learned a level 3 spell: Vhi's Electric Charge
 10101 | D:11     | Killed a cyclops
 10102 | D:11     | Reached skill level 1 in Translocations
 10102 | D:11     | Reached skill level 1 in Air Magic
 10102 | D:11     | Reached XP level 11. HP: 62/78 MP: 15/19
 10113 | D:11     | Found a staircase to the Lair.
 10140 | D:11     | Reached ****** piety under Uskayaw
 10424 | D:11     | Noticed a two-headed ogre
 10431 | D:11     | Killed a two-headed ogre
 10667 | D:11     | Noticed a tengu warrior
 10671 | D:11     | Killed a tengu warrior
 10835 | D:11     | Found a staircase to the Orcish Mines.
 11209 | D:12     | Found an opulent altar of Gozag.
 11221 | D:12     | Reached skill level 5 in Translocations
 11221 | D:12     | Reached skill level 5 in Air Magic
 11386 | D:12     | Noticed a deep elf pyromancer
 11392 | D:12     | Killed a deep elf pyromancer
 11482 | D:12     | Noticed a deep elf pyromancer
 11488 | D:12     | Killed a deep elf pyromancer
 11609 | D:12     | Reached skill level 6 in Short Blades
 11702 | D:12     | Noticed a deep elf pyromancer
 11707 | D:12     | Killed a deep elf pyromancer
 11708 | D:12     | Gained mutation: A meltable shield of frost defends you.
                  | (SH +4) [demonic ancestry]
 11708 | D:12     | Reached XP level 12. HP: 84/84 MP: 22/22
 11992 | D:12     | Reached skill level 7 in Short Blades
 12736 | D:13     | Noticed Sonja
 12740 | D:13     | Reached skill level 8 in Short Blades
 12741 | D:13     | Killed Sonja
 13001 | D:13     | Found a gate to the Vaults.
 13001 | D:13     | Noticed a vault guard
 13001 | D:13     | Noticed a vault guard
 13001 | D:13     | Noticed a vault guard
 13001 | D:13     | Noticed a vault guard
 13089 | Lair:1   | Entered Level 1 of the Lair of Beasts
 13091 | Lair:1   | Identified the +3 leather armour "Uzu Suzemid" {Str+3}
 13292 | Lair:1   | Noticed Nergalle
 13295 | Lair:1   | Noticed Gastronok
 13299 | Lair:1   | Noticed Amaemon
 13300 | Lair:1   | Killed Nergalle
 13302 | Lair:1   | Reached skill level 9 in Short Blades
 13303 | Lair:1   | Killed Amaemon
 13314 | Lair:1   | Killed Gastronok
 13481 | Lair:1   | Reached skill level 10 in Short Blades
 13485 | Lair:1   | Reached skill level 1 in Dodging
 14180 | Lair:2   | Found a gate leading to a gauntlet.
 14180 | Lair:2   | Found a staircase to the Swamp.
 14191 | Gauntlet | Entered a Gauntlet
 14191 | Gauntlet | Found a transporter.
 14191 | Gauntlet | Found a transporter.
 14193 | Gauntlet | Found a transporter.
 14194 | Gauntlet | Found a transporter.
 14196 | Gauntlet | Found a transporter.
 14197 | Gauntlet | a golden eye changed into an entropy weaver
 14197 | Gauntlet | Noticed an entropy weaver (shapeshifter)
 14239 | Gauntlet | Found a transporter.
 14239 | Gauntlet | Found a transporter.
 14248 | Gauntlet | Noticed a quicksilver ooze
 14251 | Gauntlet | Found a transporter.
 14267 | Gauntlet | Found a transporter.
 14277 | Gauntlet | Found a transporter.
 14280 | Gauntlet | Noticed a quicksilver ooze
 14291 | Gauntlet | Found a transporter.
 14304 | Gauntlet | Found a transporter.
 14311 | Gauntlet | Found a transporter.
 14325 | Gauntlet | Found a transporter.
 14460 | Gauntlet | Reached skill level 5 in Dodging
 14567 | Gauntlet | Killed a quicksilver ooze
 14570 | Gauntlet | Identified the +2 hat of the Worm {rElec rPois Int+5}
 14690 | Gauntlet | Noticed an ice dragon
 14691 | Gauntlet | an ice dragon changed into an ettin
 14691 | Gauntlet | Noticed an ettin (glowing shapeshifter)
 14703 | Gauntlet | Noticed a minotaur
 14710 | Gauntlet | Killed a minotaur
 14711 | Gauntlet | Reached XP level 13. HP: 32/90 MP: 9/23
 14836 | Gauntlet | Learned a level 5 spell: Arcjolt
 14849 | Lair:2   | Reached skill level 1 in Conjurations
 15510 | Lair:3   | Found a staircase to the Snake Pit.
 15525 | Lair:3   | Learned a level 5 spell: Freezing Cloud
 15618 | Lair:3   | Reached skill level 5 in Conjurations
 16032 | Lair:3   | Found a runed translucent door.
 16032 | Lair:3   | Noticed cheesebisquit's ghost (journeyman GrEE)
 17185 | Lair:4   | Found a staircase to the Slime Pits.
 17185 | Lair:4   | Found a viscous altar of Jiyva.
 17506 | Lair:5   | Entered Level 5 of the Lair of Beasts
 17932 | Lair:5   | Mangled by a death yak

Illustrated notes

Levels and vault maps discovered:
D:1:      sevenhm_arrival_forest_fort_small_3, layout_basic
D:2:      layout_rooms, nicolae_ecumenical_lake_church, grunt_ministairs_10,
          minmay_gold_behind_fungi
D:3:      layout_basic, cheibrodos_sewer_entry_drain,
          kennysheep_generic_room_13, uniq_robin
D:4:      layout_loops_cross, mainiacjoe_overflow_paths,
          nicolae_shop_vocational, uniq_menkaure
D:5:      layout_cave_pools, temple_doors_e, hellmonk_ghost_happy_afterlife,
          uniq_edmund, uniq_ijyb
D:6:      layout_cave_pools, centaur_isle, uniq_blork_the_orc, uniq_maggie
D:7:      layout_rooms, cheibrodos_worm_habitat, minmay_misc_feat_x,
          nicolae_concentric_dashed_squares_wild, minivault_22
D:8:      layout_basic, nzn_wu_jian_contemplation, nzn_ghost_randoct,
          serial_shops, nicolae_shop_advertising_works
          [nicolae_subvault_shop_adworks], nicolae_nh_ransacked_shop, uniq_grum
D:9:      layout_loops_cross, mainiacjoe_overflow_brackets, uniq_maurice
D:10:     layout_rooms, biasface_ghost_orc_armoury
D:11:     layout_loops_ring, minmay_lair_entry_grove, erik_orc_1
D:12:     layout_irregular_city, nicolae_gozag_seed_capital
D:13:     layout_roguey, erik_vaults_2, uniq_sonja
Lair:1:   layout_loops_ring, uniq_amaemon, uniq_nergalle, uniq_gastronok
Lair:2:   layout_roguey, skrybe_swamp_entry_bodies, gauntlet_entry_generic,
          infiniplex_staircase_pool_2
Lair:3:   layout_gridlike, minmay_snake_entry_six_corridors,
          gammafunk_ghost_grave, serial_rivers, chequers_serial_rivers_micro_a,
          chequers_serial_rivers_marsh, chequers_serial_rivers_small_b,
          chequers_serial_rivers_micro_e, chequers_serial_rivers_large_b
Lair:4:   layout_roguey, nicolae_slime_entry_field_trip, lemuel_fruit_fields
Lair:5:   grunt_lair_end_beastmaster, layout_misc_corridors, grunt_megastairs_3

Skill      XL: |  1  2  3  4  5  6  7  8  9 10 11 12 13 |
---------------+----------------------------------------+-----
Unarmed Combat | 3 4 |  4.0
Invocations    | 2 4 5 |  5.4
Maces & Flails | 1 |  1.4
Short Blades   | 1 4 5 6 10 | 10.0
Hexes          | 5 6 |  6.0
Spellcasting   | 4 5 7 |  7.3
Fighting       | 3 4 |  4.9
Necromancy     | 5 9 |  9.4
Stealth        | 4 |  4.0
Evocations     | 5 |  5.2
Translocations | 1 5 |  5.4
Air Magic      | 1 5 7 |  7.0
Dodging        | 6 |  6.0
Conjurations   | 8 |  8.8
Throwing       | |  1.0
Armour         | |  1.7

Action                     |  1- 3 |  4- 6 |  7- 9 | 10-12 | 13-15 || total
---------------------------+-------+-------+-------+-------+-------++-------
  Melee: Dagger            |    26 |    66 |   212 |   362 |   142 ||   808
         Whip              |    82 |    46 |       |       |       ||   128
         Touch             |    13 |    22 |    43 |    79 |    12 ||   169
         Punch             |     2 |     1 |     5 |     8 |     2 ||    18
         Kick              |       |    37 |    58 |   123 |    46 ||   264
  Throw: Dart              |       |       |       |     1 |     1 ||     2
   Cast: Confusing Touch   |       |       |    13 |     5 |       ||    18
         Vampiric Draining |       |       |    18 |    45 |    12 ||    75
         Dispel Undead     |       |       |       |     9 |     1 ||    10
         Vhi's Electric Ch |       |       |       |    44 |    45 ||    89
         Arcjolt           |       |       |       |       |     5 ||     5
 Invoke: Stomp             |     1 |     5 |     2 |     2 |     2 ||    12
         Line Pass         |       |       |     2 |     2 |     1 ||     5
         Grand Finale      |       |       |       |     1 |       ||     1
  Evoke: Wand              |       |       |       |    13 |       ||    13
         Condenser vane    |       |       |       |     2 |     1 ||     3
         Box of beasts     |       |       |       |     2 |       ||     2
    Use: Potion            |     1 |       |     1 |     5 |     2 ||     9
         Scroll            |       |     7 |     3 |    16 |     1 ||    27
   Stab: Sleeping          |     7 |     3 |     3 |     1 |     1 ||    15
         Distracted        |       |     1 |       |       |       ||     1
         Paralysed         |       |       |    21 |    85 |    41 ||   147
         Confused          |       |       |     5 |     3 |     1 ||     9
 Armour: Robe              |    24 |     9 |       |       |       ||    33
         Ring mail         |       |    25 |    16 |       |       ||    41
         Steam dragon scal |       |       |    36 |    71 |       ||   107
         Acid dragon scale |       |       |       |     6 |    18 ||    24
  Dodge: Dodged            |    58 |    54 |   108 |   141 |    65 ||   426
  Block: Other             |       |       |       |    18 |     4 ||    22
         Buckler           |       |       |       |       |    15 ||    15

Table legend: (Time is in decaauts)
 A = Elapsed time spent in this place.
 B = Non-inter-level travel time spent in this place.
 C = Inter-level travel time spent in this place.
 D = Time resting spent in this place.
 E = Time spent auto-exploring this place.
 F = Levels seen in this place.
 G = Mean time per level.
                   A        B        C        D        E       F      G
               +--------+--------+--------+--------+--------+-----+--------+
         Total |  17883 |  17095 |    788 |   2386 |  11652 |  20 |  894.2 |
       Dungeon |  12512 |  11910 |    602 |   1667 |   8110 |  13 |  962.5 |
          Lair |   4118 |   3932 |    186 |    207 |   3221 |   5 |  823.6 |
         Sewer |    621 |    621 |      0 |    259 |    190 |   1 |  621.0 |
      Gauntlet |    631 |    631 |      0 |    253 |    131 |   1 |  631.0 |
               +--------+--------+--------+--------+--------+-----+--------+

Top non-repeatable levels by time:
     D:8: 1621 daAuts
    D:12: 1381 daAuts
    D:11: 1336 daAuts
  Lair:3: 1166 daAuts
     D:5: 1149 daAuts
  Lair:1: 973 daAuts
     D:1: 963 daAuts
     D:9: 920 daAuts
     D:4: 886 daAuts
  Lair:4: 861 daAuts
    D:10: 840 daAuts
  Lair:2: 826 daAuts
     D:6: 750 daAuts
     D:3: 750 daAuts
     D:2: 688 daAuts
